General information
			
			
        
        - name: gune
 
        - type: Custom game
 
        - host: sunhat
 
        - saver: b0lt
 
        
map: EchoIsles 
        - players: 2
 
        - length: 19:48
 
        - speed: Fast
 - version: 1.22 W3XP
 - replay type:  Public
 
» download(65 KB)
Players
        team 1 (loser) 
              
              
sunhat (
pink | 44 APM | 856 actions | 19:40)
              
 3 Blademaster 
 1 Wind Walk
 2 Critical Strike
 1 Shadow Hunter 
 1 Hex
 
                » actions 
                
                | Assign group hotkey | 7 |  | 
| Basic commands | 24 |  | 
| Build / train | 27 |  | 
| ESC pressed | 10 |  | 
| Enter build submenu | 22 |  | 
| Enter hero's abilities submenu | 4 |  | 
| Right click | 413 |  | 
| Select / deselect | 208 |  | 
| Select group hotkey | 65 |  | 
| Use ability | 76 |  | 
                856 total
 » units 
                » buildings
                
                | Altar of Storms | 1 |  | 
| Orc Burrow | 3 |  | 
| Barracks | 1 |  | 
| Voodoo Lounge | 2 |  | 
| Stronghold | 1 |  | 
| War Mill | 1 |  | 
| Watch Tower | 12 |  | 
                21 total
 » build order
                00:05 Altar of Storms
00:12 Orc Burrow
00:41 Barracks
01:47 Orc Burrow
02:31 Voodoo Lounge
04:18 Stronghold
04:24 Orc Burrow
04:48 War Mill
07:54 Watch Tower
07:59 Watch Tower
08:05 Watch Tower
08:11 Watch Tower
09:13 Watch Tower
09:17 Watch Tower
09:22 Watch Tower
09:34 Voodoo Lounge
10:05 Watch Tower
10:43 Watch Tower
10:49 Watch Tower
11:06 Watch Tower
14:16 Watch Tower
» items
                
                | Healing Salve | 3 |  | 
| Lesser Clarity Potion | 2 |  | 
| Scroll of Town Portal | 1 |  | 
                6 total
  
               team 2 (winner) 
              
              
b0lt (
red | 111 APM | 2204 actions | 19:48)
              
 3 Demon Hunter 
 2 Mana Burn
 1 Evasion
 1 Beastmaster 
 1 Summon Hawk
 
                » actions 
                
                | Assign group hotkey | 37 |  | 
| Basic commands | 19 |  | 
| Build / train | 49 |  | 
| ESC pressed | 4 |  | 
| Enter build submenu | 21 |  | 
| Enter hero's abilities submenu | 4 |  | 
| Remove unit from queue | 1 |  | 
| Right click | 1380 |  | 
| Select / deselect | 350 |  | 
| Select group hotkey | 262 |  | 
| Use ability | 77 |  | 
                2204 total
 » units 
                
                | Wisp | 23 |  | 
| Archer | 9 |  | 
| Druid of the Talon | 4 |  | 
                36 total
 » upgrades
                
                | Improved Bows | 1 |  | 
| Druid of the Talon Training | 2 |  | 
                3 total
 » buildings
                
                | Altar of Elders | 1 |  | 
| Moon Well | 5 |  | 
| Ancient of War | 9 |  | 
| Tree of Ages | 1 |  | 
| Ancient of Wonders | 1 |  | 
| Tree of Eternity | 1 |  | 
| Ancient of Wind | 3 |  | 
| Hunter's Hall | 1 |  | 
| Ancient Protector | 4 |  | 
                26 total
 » build order
                00:05 Altar of Elders
00:08 Moon Well
00:49 Ancient of War
01:31 Moon Well
03:00 Tree of Ages
03:41 Moon Well
04:17 Ancient of Wonders
06:08 Tree of Eternity
06:11 Ancient of Wind
06:12 Ancient of Wind
06:13 Ancient of Wind
07:50 Moon Well
11:59 Hunter's Hall
13:13 Ancient Protector
13:13 Ancient Protector
13:14 Ancient Protector
14:08 Ancient Protector
15:07 Ancient of War
15:11 Ancient of War
15:23 Ancient of War
15:26 Ancient of War
15:31 Ancient of War
15:38 Ancient of War
15:47 Ancient of War
15:51 Ancient of War
16:35 Moon Well
 
                Chat log
          (00:09 / All) sunhat: gl & hf
(00:12 / All) b0lt: yep
(00:14 / All) b0lt: you too
(00:17 / All) sunhat: <3
(00:17 / All) b0lt: also what's with &
(00:21 / All) sunhat: idk
(00:22 / All) b0lt: it looks all fucked up
(00:26 / All) sunhat: it's orc
(00:29 / All) sunhat: obv.
(00:37 / All) b0lt: orc = noob
(00:43 / All) b0lt: blade fagster >:(
(00:46 / All) sunhat: ud = noob
(00:47 / All) sunhat: lol
(00:52 / All) sunhat: I'm going, uh, far seer?
(00:55 / All) sunhat: to creep.
(00:57 / All) b0lt: oh goody
(01:03 / All) sunhat: >_____>
(01:35 / All) sunhat: if I lose i blame lack of nicotine & insomnia
(01:39 / All) sunhat: not lack of skill
(01:47 / All) b0lt: okay
(02:17 / All) sunhat: i can't wait to meet ur dh
(02:22 / All) b0lt: i don't get dh
(02:24 / All) b0lt: noob hero
(02:37 / All) b0lt: sup
(02:43 / All) sunhat: owned!!!
(02:44 / All) sunhat: omg dh
(02:46 / All) sunhat: i got tricked
(03:23 / All) b0lt: lol
(03:30 / All) sunhat: holy shit i'm terrible gah!!
(03:36 / All) b0lt: 1 wisp
(03:37 / All) b0lt: :3
(03:49 / All) sunhat: 1 wisp = 350 gold right
(03:52 / All) b0lt: rite
(03:56 / All) sunhat: haven't played ne in age
(05:19 / All) b0lt: ALLAHU AKBAR
(05:22 / All) sunhat: oshit
(05:48 / All) sunhat: my she!!p
(05:50 / All) sunhat: sheep
(06:10 / All) sunhat: gg :p
(06:19 / All) sunhat: sitting on 1k gold too :/
(06:26 / All) sunhat: i promise I'm slightly better than this
(06:46 / All) sunhat: woned
(06:47 / All) sunhat: owne
(06:49 / All) b0lt: fux
(07:01 / All) sunhat: gg nub u lose
(07:27 / All) sunhat: my 66 apm is no match to your GoSu skills -_-
(10:09 / All) b0lt: sup
(10:19 / All) sunhat: lmao 3 ancient of wind
(10:19 / All) sunhat: damn
(10:50 / All) b0lt: fuck orc :)
(10:58 / All) sunhat: fuck ne!!!
(11:37 / All) sunhat: is there any way I can counter mass dotts
(11:42 / All) b0lt: raiders + spirit walkers
(11:43 / All) sunhat: or do I just have to stop you from getting them
(11:52 / All) b0lt: which is why my entire game is keeping you from getting them
(11:53 / All) sunhat: alright
(11:57 / All) sunhat: :I
(12:03 / All) b0lt: like it's nearly impossible for me to lose here
(12:11 / All) b0lt: especially once i get cyclone
(12:11 / All) sunhat: it is impossible I have 2 units :p
(12:38 / All) sunhat: why do raiders/spirit walkers do so well? just the speed of the raiders + siege damage?
(12:43 / All) sunhat: and spirit link?
(12:49 / All) b0lt: dispel
(13:03 / All) sunhat: can you dispel cyclone?? :3
(13:06 / All) b0lt: yeah
(13:10 / All) sunhat: whoa really
(13:52 / All) sunhat: gah
(14:00 / All) sunhat: yea I only picked this game back up like a montha go
(14:09 / All) b0lt: :)
(14:40 / All) sunhat: lol 2 hp
(14:42 / All) sunhat: damn
(15:26 / All) sunhat: holy shit
(16:16 / All) b0lt: lol
(16:21 / All) sunhat: :I
(16:23 / All) sunhat: I almost ahd u
(16:40 / All) sunhat: lol are you gonna uproot all those trees
(16:49 / All) b0lt: NO THAT IS NOT MY PLAN
(17:02 / All) sunhat: hurry p
(17:04 / All) sunhat: up!!
(17:08 / All) sunhat: i can't quit
(17:15 / All) sunhat: i'm trying to bu t it says "stop being a pussy"
(17:19 / All) sunhat: O____o
(17:26 / All) sunhat: ehehehhehe owned
(17:43 / All) b0lt: dick
(17:44 / All) b0lt: :(
(17:47 / All) sunhat: muahaha
(17:56 / All) sunhat: my micro is off the charts!!!
(18:53 / All) sunhat: omg
(18:59 / All) sunhat: u found me
(19:00 / All) b0lt: gg :3
(19:07 / All) sunhat: lol trees
(19:19 / All) sunhat: gg
(19:27 / All) b0lt: orc v nelf you have to rush raiders
(19:29 / All) b0lt: or you lose
(19:38 / All) sunhat: i will keep that in mind
(19:40 / All) b0lt: also